 Dungeon Crawl Stone Soup version 0.30-a0-1075-gcd70e7a56d (webtiles) character file.

Game seed: 11419614688091401874

118 kae the Chopper (level 5, 0/45 HPs)
             Began as a Hill Orc Fighter on Apr 14, 2023.
             Succumbed to Crazy Yiuf's poison
             ... on level 2 of the Dungeon.
             The game lasted 00:01:39 (1662 turns).

kae the Chopper (Hill Orc Fighter)                  Turns: 1662, Time: 00:01:39

Health: 0/45       AC: 10    Str: 21    XL:     5   Next: 2%
Magic:  0/5        EV:  9    Int:  8    God:
Gold:   133        SH:  5    Dex: 10    Spells: 4/4 levels left

rFire   . . .      SeeInvis .    a - +1 war axe
rCold   . . .      Faith    .    c - +1 buckler
rNeg    . . .      Spirit   .    b - +0 scale mail
rPois   .          Reflect  .    (no helmet)
rElec   .          Rampage  .    (no cloak)
rCorr   .                        o - +2 pair of gloves
Will    .....                    (no boots) Stlth
                                 (no amulet)
HPRegen 0.27/turn                (no ring)
MPRegen 0.09/turn                (no ring)

@: lethally poisoned (0 -> -20)
A: no striking features
a: no special abilities


You were on level 2 of the Dungeon.
You visited 1 branch of the dungeon, and saw 3 of its levels.

You collected 133 gold pieces.


   Skills:
 - Level 3.6 Fighting
 + Level 6.6 Axes
 - Level 3.2 Armour
 - Level 3.2 Shields


You had 4 spell levels left.
You didn't know any spells.
Your spell library was empty.

Inventory:

Hand Weapons
 a - a +1 war axe (weapon)
Missiles
 e - 23 stones (quivered)
 l - 3 silver javelins
 p - 5 poisoned darts
 w - 4 boomerangs
Armour
 b - a +0 scale mail (worn)
 c - a +1 buckler (worn)
 o - a +2 pair of gloves (worn)
   (You found it on level 2 of the Dungeon)
Magical Staves
 n - a staff of death {!a}
   (You found it on level 2 of the Dungeon)
Scrolls
 f - 3 scrolls of identify {@r1}
 i - a scroll of poison {unknown}
 j - 3 scrolls of teleportation {@r4}
 r - 2 scrolls of fear {unknown}
 s - a scroll of blinking {unknown}
 t - a scroll of vulnerability {!r!r}
 v - a scroll of magic mapping {unknown}
Potions
 d - a potion of might
 h - a potion of mutation {unknown}
 k - a potion of heal wounds {unknown}
 m - a potion of lignification {unknown}
 q - a potion of attraction {unknown}
 u - a potion of flight {unknown}

Dungeon Overview and Level Annotations

Branches:
Dungeon (3/15) Zot: 16303

Altars:
Okawaru

Annotations:
D:2 Crazy Yiuf

#..# #######'### #..#
#.........# #..#
#.........# ####
##........# #........#
#........# ####♣♣ ###
######.### ##....♣♣
♣♣#..)# ######.###
#......♣♣♣♣@g...#
#.....†)..
#.....♣.♣..♣#...#
#####..... #......♣.♣♣♣
### #...#..... ##.##♣♣♣♣♣
#...#..... #.# #...######
#.## ###### ##...######
#..# #.##.# #.........#
##.# #.##.###.........#
#.#######'##.....##......#


You could see Crazy Yiuf.


Message History

No target in view!
There is an open door here.
A hobgoblin comes into view.
The hobgoblin shouts!
A hobgoblin is nearby!
The hobgoblin hits you but does no damage.
You slash the hobgoblin!
You kill the hobgoblin!
You have reached level 5!
You feel stronger. 😎 HP[+6] MP[+1]
You now have 45 max hp (+6).
Your hp is fully restored (45).
Your mp is fully restored (5).
There is an open door here.
You see here a quokka corpse.
There is a stone staircase leading down here.
You see here a frilled lizard skeleton.
f - 3 scrolls of identify {@r1} (gained 1)
An endoplasm comes into view.
The endoplasm quivers.
An endoplasm is nearby!
You slice the endoplasm!!
You kill the endoplasm!
No target in view!
Found an iron altar of Okawaru.
No target in view!
No target in view!
A rat comes into view.
The rat bites you but does no damage.
A rat is nearby!
You slash the rat!
You kill the rat!
No target in view!
You see here a rat corpse.
You now have 133 gold pieces (gained 13).
Key pressed, stopping explore.
No target in view!
No target in view!
You see here a rat corpse.
There is an iron altar of Okawaru here.
Key pressed, stopping explore.
No target in view!
No target in view!
There is a stone staircase leading down here.
Key pressed, stopping explore.
No target in view!
No target in view!
Crazy Yiuf shouts!
No reachable target in view!
No reachable target in view!
Could not explore, unopened runed door.
No reachable target in view!
No reachable target in view!
Could not explore, unopened runed door.
No reachable target in view!
No reachable target in view!
Could not explore, unopened runed door.
You open the door. You barely miss Crazy Yiuf.
Crazy Yiuf laughs, "Gnoll!"
You block Crazy Yiuf's attack.
You barely miss Crazy Yiuf.
Crazy Yiuf cries, "Liver snockshim snail!"
You block Crazy Yiuf's attack.
You hit Crazy Yiuf but do no damage. Crazy Yiuf hits you but does no damage.
Crazy Yiuf whimpers, "Trifle sing-song ragdoll!"
Crazy Yiuf hits you but does no damage.
You hit Crazy Yiuf.
Crazy Yiuf hits you with a +4 quarterstaff of chaos!
You feel your power leaking away.
You are too injured to fight recklessly! 😮 HP[-14] MP[-5]
You take 14 damage, and now have 31/45 hp.
MASSIVE DAMAGE!! (PAUSE)
You lost 5 mp, and now have 0/5 mp.
You slash Crazy Yiuf!
Crazy Yiuf hits you with a +4 quarterstaff of chaos.
You are poisoned. 😮 HP[-2]
You take 2 damage, and now have 29/45 hp.
You hit Crazy Yiuf but do no damage.
You feel very sick.
Crazy Yiuf hits you with a +4 quarterstaff of chaos!
* * * LOW HITPOINT WARNING * * *
You are lethally poisoned! 😨 HP[-14]
You take 14 damage, and now have 15/45 hp.
MASSIVE DAMAGE!! (PAUSE)
You hit Crazy Yiuf.
* * * LOW HITPOINT WARNING * * *
You feel extremely sick.
Crazy Yiuf hits you with a +4 quarterstaff of chaos.
* * * LOW HITPOINT WARNING * * *
Crazy Yiuf freezes you.
* * * LOW HITPOINT WARNING * * *
😱 HP[-10]
You take 10 damage, and now have 5/45 hp.
MASSIVE DAMAGE!! (PAUSE) It was a potion of cancellation.
You feel magically purged.
You die...

Skill      XL: |  1  2  3 |
---------------+----------+-----
Axes           | 3 4 6 |  6.6
Fighting       | |  3.6
Armour         | |  3.2
Shields        | |  3.2

Action                     |  1- 3 |  4- 6 || total
---------------------------+-------+-------++-------
  Melee: War axe           |    70 |    39 ||   109
    Use: Scroll            |     4 |       ||     4
         Potion            |       |     1 ||     1
 Armour: Scale mail        |    35 |    12 ||    47
  Dodge: Dodged            |    28 |     8 ||    36
  Block: Buckler           |    19 |     5 ||    24

Levels and vault maps discovered:
D:1:      dpeg_arrival_pond, layout_loops_ring
D:2:      layout_basic, basic_altar, uniq_crazy_yiuf_cottage
D:3:      layout_basic, minmay_unequal

Notes
Turn   | Place    | Note
-------+----------+-------------------------------------------
     0 | D:1      | kae the Hill Orc Fighter began the quest for the Orb.
     0 | D:1      | Reached XP level 1. HP: 19/19 MP: 1/1
     0 | D:1      | magus.rc [v1.11.3]
    67 | D:1      | Reached skill level 3 in Axes
    91 | D:1      | Reached XP level 2. HP: 20/26 MP: 2/2
   202 | D:1      | Reached skill level 4 in Axes
   465 | D:1      | Reached XP level 3. HP: 31/31 MP: 3/3
   687 | D:2      | You fall into a shaft and drop 1 floor!
   743 | D:3      | Noticed a scorpion
   752 | D:3      | Killed a scorpion
   753 | D:3      | Reached skill level 6 in Axes
   753 | D:3      | Reached XP level 4. HP: 29/39 MP: 4/4
  1286 | D:2      | Found a runed translucent door.
  1287 | D:2      | Noticed Crazy Yiuf
  1344 | D:2      | Reached XP level 5. HP: 45/45 MP: 5/5
  1452 | D:2      | Found an iron altar of Okawaru.
  1661 | D:2      | HP: 8/45 [poisoned by Crazy Yiuf]
  1662 | D:2      | Succumbed to Crazy Yiuf's poison

Vanquished Creatures
  A scorpion (D:3)
  A worm (D:2)
  5 dart slugs
  4 bats (D:1)
  5 endoplasms
  2 giant cockroaches
  4 goblins
  8 hobgoblins
  2 jackals (D:2)
  3 kobolds (D:1)
  2 quokkas
  2 ball pythons (D:1)
  2 frilled lizards
  4 rats
45 creatures vanquished.

Table legend:
 A = Non-vault XP
 B = Vault XP
 C = Vault XP percentage of total XP
 D = Non-vault monster count
 E = Vault monster count
 F = Vault count percentage of total count
                 A         B        C        D         E       F
            +---------+---------+-------+---------+---------+-------
      Total |     161 |       8 |   4.7 |      42 |       3 |   6.7
            +---------+---------+-------+---------+---------+-------
        D:1 |      37 |       0 |   0.0 |      22 |       0 |   0.0
        D:2 |      41 |       0 |   0.0 |      17 |       0 |   0.0
        D:3 |      83 |       8 |   8.8 |       3 |       3 |  50.0
            +---------+---------+-------+---------+---------+-------

Illustrated notes

Table legend:
 A = Kills in this place as a percentage of kills in the entire game.
 B = Kills by you in this place as a percentage of kills by you in the entire game.
 C = Kills by friends in this place as a percentage of kills by friends in the entire game.
 D = Other kills in this place as a percentage of other kills in the entire game.
 E = Experience gained in this place as a percentage of experience gained in the entire game.
 F = Experience gained in this place divided by the number of levels of this place that you have seen.
                   A       B       C       D       E      F
               +-------+-------+-------+-------+-------+----------------------
         Total | 100.0 | 100.0 |   N/A |   N/A | 100.0 |  56.3
       Dungeon | 100.0 | 100.0 |   N/A |   N/A | 100.0 |  56.3
               +-------+-------+-------+-------+-------+----------------------

Table legend: (Time is in decaauts)
 A = Elapsed time spent in this place.
 B = Non-inter-level travel time spent in this place.
 C = Inter-level travel time spent in this place.
 D = Time resting spent in this place.
 E = Time spent auto-exploring this place.
 F = Levels seen in this place.
 G = Mean time per level.
                   A        B        C        D        E       F      G
               +--------+--------+--------+--------+--------+-----+--------+
         Total |   1696 |   1629 |     67 |     23 |   1303 |   3 |  565.3 |
       Dungeon |   1696 |   1629 |     67 |     23 |   1303 |   3 |  565.3 |
               +--------+--------+--------+--------+--------+-----+--------+

Top non-repeatable levels by time:
     D:2: 868 daAuts
     D:1: 703 daAuts
     D:3: 123 daAuts
